 Dungeon Crawl Stone Soup version 0.25-a0-930-g9f5dfa9815 (webtiles) character file.

Game seed: 4682383419363681995, levelgen mode: deterministic

51 DavidChitty2 the Covered (level 3, 0/33 HPs)
             Began as a Minotaur Fighter on May 3, 2020.
             Slain by Crazy Yiuf
             ... wielding a +2 quarterstaff of chaos
              (2 damage)
             ... on level 2 of the Dungeon.
             The game lasted 00:01:27 (1791 turns).

DavidChitty2 the Covered (Minotaur Fighter)         Turns: 1791, Time: 00:01:27

Health: 0/33       AC:  9    Str: 21    XL:     3   Next: 57%
Magic:  2/2        EV:  5    Int:  5    God:
Gold:   112        SH:  9    Dex:  9    Spells: 2/2 levels left

rFire    . . .     SeeInvis .   a - +0 war axe
rCold    . . .     Gourm    .   c - +0 kite shield
rNeg     . . .     Faith    .   n - +0 chain mail
rPois    .         Spirit   .   (helmet restricted)
rElec    .         Reflect  .   (no cloak)
rCorr    .         Harm     .   (no gloves)
MR       .....                  (no boots)
Stlth    ..........             (no amulet)
HPRegen  0.11/turn              (no ring)
MPRegen  0.08/turn              (no ring)

@: mighty
A: retaliatory headbutt, horns 2
a: no special abilities


You were on level 2 of the Dungeon.
You were hungry.

You visited 1 branch of the dungeon, and saw 2 of its levels.

You collected 112 gold pieces.

Inventory:

Hand Weapons
 a - a +0 war axe (weapon)
Armour
 c - a +0 kite shield (worn)
 n - a +0 chain mail (worn)
   (You found it on level 2 of the Dungeon)
Scrolls
 h - 3 scrolls of magic mapping {unknown}
 i - a scroll of enchant weapon {unknown}
 k - a scroll of amnesia {unknown}
 m - a scroll of enchant armour {unknown}
Potions
 d - a potion of might
 g - 2 potions of flight {unknown}
 j - a potion of curing {unknown}
 l - a potion of haste {unknown}
Comestibles
 e - 7 rations {!d}


   Skills:
 + Level 4.1 Fighting
 * Level 3.5 Axes
 + Level 4.1 Armour
 + Level 4.1 Shields


You had 2 spell levels left.
You didn't know any spells.
Your spell library was empty.

Dungeon Overview and Level Annotations

Branches:
Dungeon (2/15)

Altars:

Annotations:
D:2 Crazy Yiuf


Innate Abilities, Weirdness & Mutations

You reflexively headbutt those who attack you in melee.
You have a pair of horns on your head.


Message History

The goblin hits you but does no damage.
You slash the goblin!
You kill the goblin!
No target in view!
No target in view!
No target in view!
No target in view!
You butcher the goblin corpse.
b - 3 chunks of flesh You see here a goblin skeleton. x2
Eating one of 3 chunks of flesh.
You eat one of the 3 chunks of flesh.
You open the door.
There is an open door here.
There is an open door here.
Found a stone staircase leading up.
There is an open door here.
There is an open door here.
All of the chunks of flesh in your inventory have rotted away.
There is an open door here.
You are feeling hungry.
No target in view!
Partly explored, can't reach some places.
Partly explored, can't reach some places.
You slash the fungus! You headbutt the fungus! You hit the fungus. x3
You hit the fungus. You headbutt the fungus. You hit the fungus.
You slash the fungus! You hit the fungus. You slash the fungus!
You headbutt the fungus, but do no damage.
You slash the fungus! You hit the fungus. x2
You slash the fungus!
You destroy the fungus!
You hit the fungus. You hit the fungus but do no damage. You slash the fungus!
Found a mace.
Crazy Yiuf shouts!
Here: Crazy Yiuf, wielding a +2 quarterstaff of chaos and wearing a +0 cloak of magic resistance (fire blocked by a runed translucent door)
The floor.
Unknown command.
You open the door. You closely miss Crazy Yiuf.
Crazy Yiuf hits you with a +2 quarterstaff of chaos!
You feel very mighty all of a sudden. You block Crazy Yiuf's attack.
You closely miss Crazy Yiuf. Crazy Yiuf hits you but does no damage.
You are electrocuted!
* * * LOW HITPOINT WARNING * * *
You slash Crazy Yiuf! You headbutt Crazy Yiuf.
Crazy Yiuf hits you with a +2 quarterstaff of chaos!
* * * LOW HITPOINT WARNING * * *
Crazy Yiuf freezes you.
You die...

.......# #...........# #.#.....
.......# #........(..# #.#.#+##
.......# #...........# #.#...#
######.# ############# #.#...#
#.# ##.#..># ######.# #..#.#.#
.....#.# ### ♣♣#####.#.#
####.#.# #)..#♣♣ ♣♣P....#.#.#
#.#.### #...g@♣♣♣♣......#.#.#
#.#...# #...#♣..♣.PP....#.#.#
#.##### ### ♣♣♣.♣.P..#.#.#.#
#.##### ♣♣♣♣♣###.#.#.# #.....#
#...#.# ####.....# #####.#
.....##### #.#
##############################.#
...............................#


You could see Crazy Yiuf.

Vanquished Creatures
  An adder (D:2)
  An ooze (D:2)
  A dart slug (D:1)
  2 leopard geckos
  3 bats
  3 giant cockroaches
  4 goblins
  4 hobgoblins (D:1)
  5 kobolds
  8 rats
  A fungus (D:2)
33 creatures vanquished.

Notes
Turn   | Place    | Note
-------+----------+-------------------------------------------
     0 | D:1      | DavidChitty2 the Minotaur Fighter began the quest for the
                  | Orb.
     0 | D:1      | Reached XP level 1. HP: 19/19 MP: 0/0
   203 | D:1      | Reached XP level 2. HP: 22/27 MP: 1/1
   852 | D:2      | Reached XP level 3. HP: 33/33 MP: 2/2
  1784 | D:2      | Found a runed translucent door.
  1785 | D:2      | Noticed Crazy Yiuf
  1791 | D:2      | Slain by Crazy Yiuf

Levels and vault maps discovered:
D:1:      eino_arrival_druids_welcome, layout_basic
D:2:      layout_basic, uniq_crazy_yiuf_cottage

Skill      XL: |  1  2 |
---------------+-------+-----
Axes           | 3 |  3.5
Shields        | 4 |  4.1
Fighting       | 4 |  4.1
Armour         | 4 |  4.1

Action                   || total
-------------------------++-------
Melee: War axe           ||    74
       Headbutt          ||    12
  Eat: Chunk             ||     2
Armor: Scale mail        ||    33
       Chain mail        ||     2
Dodge: Dodged            ||    13
Block: Kite shield       ||    33

Table legend:
 A = Non-vault XP
 B = Vault XP
 C = Vault XP percentage of total XP
 D = Non-vault monster count
 E = Vault monster count
 F = Vault count percentage of total count
                 A         B        C        D         E       F
            +---------+---------+-------+---------+---------+-------
      Total |      73 |       0 |   0.0 |      32 |       0 |   0.0
            +---------+---------+-------+---------+---------+-------
        D:1 |      37 |       0 |   0.0 |      21 |       0 |   0.0
        D:2 |      36 |       0 |   0.0 |      11 |       0 |   0.0
            +---------+---------+-------+---------+---------+-------
